3AA
OTTAWA NATIONALS @ SAN BERNARDINO GRASSHOPPERS
05/08/2031
 
TOP OF THE 1ST
Ottawa Nationals batting - Pitching for San Bernardino Grasshoppers : RHP Grover Lowdermilk
Pitching: RHP Grover Lowdermilk
Batting: RHB Tomás Bermúdez 0-0: Called Strike
0-1: Swinging Strike
0-2: Ground out 5-3 (Groundball, 56)
Batting: RHB José García 0-0: Swinging Strike
0-1: Ball
1-1: Ball
2-1: Ball
3-1: Called Strike
3-2: Foul Ball, location: 2F
3-2: Fly out, F9 (Flyball, 9D)
Batting: LHB Alan Shaw 0-0: Ball
1-0: SINGLE (Line Drive, 4MD)
Batting: RHB Mike Jennings 0-0: Called Strike
0-1: Ball
1-1: Foul Ball, location: 2F
1-2: Strikes out swinging
Top of the 1st over - 0 runs, 1 hit, 0 errors, 1 left on base; Ottawa 0 - San Bernardino 0
BOTTOM OF THE 1ST
San Bernardino Grasshoppers batting - Pitching for Ottawa Nationals : RHP Nelson Cuevas
Pitching: RHP Nelson Cuevas
Batting: LHB Arana Sashi 0-0: Ball
1-0: Foul Ball, location: 2F
1-1: Ball
2-1: Ball
3-1: Base on Balls
Batting: RHB Jouo Hirschovits 0-0: Called Strike
0-1: Ball
1-1: Ball
2-1: Swinging Strike
2-2: Strikes out swinging
Batting: RHB Luis Yander La O 0-0: Foul Ball, location: 2F
0-1: Ball
1-1: Ball
2-1: Foul Ball, location: 2F
2-2: Hit by Pitch
Arana Sashi to second
Pinch Runner at 1st Jorge Durán:
Batting: RHB Noah Bushby 0-0: Fly out, F7 (Flyball, 7S)
Batting: RHB Eikki Kankaanperä 0-0: Foul Ball, location: 2F
0-1: SINGLE (Line Drive, 7LM)
Arana Sashi to third
Jorge Durán to second
Batting: RHB Ronald Comejo 0-0: Ball
1-0: Ball
2-0: Foul Ball, location: 2F
2-1: Called Strike
2-2: Ball
3-2: Base on Balls
Arana Sashi scores
Jorge Durán to third
Eikki Kankaanperä to second
Batting: RHB Tony Ayala 0-0: Called Strike
0-1: Ball
1-1: Fielders Choice at 2nd, 6-4 (Groundball, 6)
Bottom of the 1st over - 1 run, 1 hit, 0 errors, 3 left on base; Ottawa 0 - San Bernardino 1
TOP OF THE 2ND
Ottawa Nationals batting - Pitching for San Bernardino Grasshoppers : RHP Grover Lowdermilk
Now at SS: Jorge Durán
Batting: RHB Vincente Fuentes 0-0: SINGLE (Groundball, 6MD)
Batting: RHB Juan Román 0-0: Foul Ball, location: 2F
0-1: Grounds into double play, 5-4-3 (Groundball, 5L)
Batting: RHB Miguel González 0-0: Fly out, F5 (Popup, 56S)
Top of the 2nd over - 0 runs, 1 hit, 0 errors, 0 left on base; Ottawa 0 - San Bernardino 1
BOTTOM OF THE 2ND
San Bernardino Grasshoppers batting - Pitching for Ottawa Nationals : RHP Nelson Cuevas
Batting: RHB Ángelo Díaz 0-0: Foul Ball, location: 2F
0-1: Ball
1-1: Ball
2-1: Ball
3-1: Called Strike
3-2: Foul Ball, location: 2F
3-2: Base on Balls
Batting: RHB Ernesto Deleón 0-0: Ball
Wild Pitch!
Ángelo Díaz to second
1-0: Ball
2-0: Foul Ball, location: 2F
2-1: Fly out, F8 (Flyball, 8LD)
Batting: LHB Arana Sashi 0-0: Called Strike
0-1: Ball
1-1: Ball
2-1: SINGLE (Groundball, 56D)
Ángelo Díaz to third
Runner from 3rd tries for Home, SAFE, throw made home
Batting: RHB Jouo Hirschovits 0-0: Ball
1-0: Ball
2-0: Ball
3-0: Base on Balls
Arana Sashi to second
Batting: RHB Jorge Durán 0-0: Ball
1-0: Ball
2-0: Called Strike
2-1: Ball
3-1: Base on Balls
Arana Sashi to third
Jouo Hirschovits to second
Batting: RHB Noah Bushby 0-0: Called Strike
0-1: Fly out, F7 (Flyball, 78S)
Runner from 3rd tags up, SCORES, no throw
Batting: RHB Eikki Kankaanperä 0-0: Called Strike
0-1: Swinging Strike
0-2: Fly out, F7 (Flyball, 7S)
Bottom of the 2nd over - 2 runs, 1 hit, 0 errors, 2 left on base; Ottawa 0 - San Bernardino 3
TOP OF THE 3RD
Ottawa Nationals batting - Pitching for San Bernardino Grasshoppers : RHP Grover Lowdermilk
Batting: RHB Alejandro Serrato 0-0: Called Strike
0-1: Ball
1-1: Foul Ball, location: 2F
1-2: SINGLE (Line Drive, 8RS)
Batting: LHB Jesús Mancía 0-0: Called Strike
0-1: Ball
1-1: Ball
2-1: Swinging Strike
2-2: Fly out, F7 (Flyball, 78D)
Batting: RHB Tomás Bermúdez 0-0: Called Strike
0-1: Grounds into double play, 6-4-3 (Groundball, 6)
Top of the 3rd over - 0 runs, 1 hit, 0 errors, 0 left on base; Ottawa 0 - San Bernardino 3
BOTTOM OF THE 3RD
San Bernardino Grasshoppers batting - Pitching for Ottawa Nationals : RHP Nelson Cuevas
Batting: RHB Ronald Comejo 0-0: Ball
1-0: Foul Ball, location: 2F
1-1: Foul Ball, location: 2F
1-2: Ball
2-2: Ball
3-2: Base on Balls
Pitching: RHP Chris Kuhn
Batting: RHB Tony Ayala 0-0: Ball
1-0: Ball
2-0: Foul Ball, location: 2F
2-1: Called Strike
2-2: Fly out, F8 (Flyball, 8RD)
Runner from 1st tags up, SAFE at 2nd
Batting: RHB Ángelo Díaz 0-0: Ball
1-0: Ball
2-0: Ball
3-0: Called Strike
3-1: Called Strike
3-2: Foul Ball, location: 2F
3-2: Base on Balls
Batting: RHB Ernesto Deleón 0-0: Called Strike
0-1: Foul Ball, location: 2F
0-2: Grounds into double play, 5-4-3 (Groundball, 56)
Bottom of the 3rd over - 0 runs, 0 hits, 0 errors, 1 left on base; Ottawa 0 - San Bernardino 3
TOP OF THE 4TH
Ottawa Nationals batting - Pitching for San Bernardino Grasshoppers : RHP Grover Lowdermilk
Batting: RHB José García 0-0: Ball
1-0: Called Strike
1-1: Ball
2-1: SINGLE (Line Drive, 89S)
Batting: LHB Alan Shaw 0-0: Ball
1-0: Ball
2-0: Swinging Strike
2-1: Called Strike
2-2: Fly out, F9 (Line Drive, 9)
Batting: RHB Mike Jennings 0-0: Ball
1-0: Ball
2-0: Ball
3-0: Called Strike
3-1: DOUBLE (Line Drive, 7LM)
José García to third
Batting: RHB Vincente Fuentes 0-0: Foul Ball, location: 2F
0-1: Swinging Strike
0-2: Ball
1-2: Ball
2-2: Strikes out swinging
Batting: RHB Juan Román 0-0: Fly out, F8 (Flyball, 78M)
Top of the 4th over - 0 runs, 2 hits, 0 errors, 2 left on base; Ottawa 0 - San Bernardino 3
BOTTOM OF THE 4TH
San Bernardino Grasshoppers batting - Pitching for Ottawa Nationals : RHP Chris Kuhn
Batting: LHB Arana Sashi 0-0: Ball
1-0: Ground out 4-3 (Groundball, 4M)
Batting: RHB Jouo Hirschovits 0-0: Ball
1-0: Fly out, F8 (Flyball, 89D)
Batting: RHB Jorge Durán 0-0: Ball
1-0: Ball
2-0: Swinging Strike
2-1: Ball
3-1: Foul Ball, location: 2F
3-2: Strikes out looking
Bottom of the 4th over - 0 runs, 0 hits, 0 errors, 0 left on base; Ottawa 0 - San Bernardino 3
TOP OF THE 5TH
Ottawa Nationals batting - Pitching for San Bernardino Grasshoppers : RHP Grover Lowdermilk
Batting: RHB Miguel González 0-0: Ball
1-0: Ball
2-0: Called Strike
2-1: Called Strike
2-2: Foul Ball, location: 2F
2-2: Foul Ball, location: 2F
2-2: Ball
3-2: Foul Ball, location: 2F
3-2: Strikes out swinging
Batting: RHB Alejandro Serrato 0-0: Ball
1-0: Ground out 5-3 (Groundball, 56)
Batting: LHB Jesús Mancía 0-0: Foul Ball, location: 2F
0-1: Ground out 6-3 (Groundball, 6)
Top of the 5th over - 0 runs, 0 hits, 0 errors, 0 left on base; Ottawa 0 - San Bernardino 3
BOTTOM OF THE 5TH
San Bernardino Grasshoppers batting - Pitching for Ottawa Nationals : RHP Chris Kuhn
Batting: RHB Noah Bushby 0-0: Ball
1-0: Foul Ball, location: 2F
1-1: Foul Ball, location: 2F
1-2: Foul Ball, location: 2F
1-2: Foul Ball, location: 2F
1-2: Fly out, F4 (Popup, 3D)
Batting: RHB Eikki Kankaanperä 0-0: Called Strike
0-1: Ball
1-1: Ball
2-1: Foul Ball, location: 2F
2-2: Strikes out swinging
Batting: RHB Ronald Comejo 0-0: Called Strike
0-1: Foul Ball, location: 2F
0-2: Strikes out swinging
Bottom of the 5th over - 0 runs, 0 hits, 0 errors, 0 left on base; Ottawa 0 - San Bernardino 3
TOP OF THE 6TH
Ottawa Nationals batting - Pitching for San Bernardino Grasshoppers : RHP Grover Lowdermilk
Batting: RHB Tomás Bermúdez 0-0: Called Strike
0-1: Foul Ball, location: 2F
0-2: Ball
1-2: Ball
2-2: Fly out, F8 (Flyball, 8LD)
Batting: RHB José García 0-0: Ball
1-0: Ball
2-0: Ground out 4-3 (Groundball, 4)
Batting: LHB Alan Shaw 0-0: Called Strike
0-1: Foul Ball, location: 2F
0-2: Strikes out swinging
Top of the 6th over - 0 runs, 0 hits, 0 errors, 0 left on base; Ottawa 0 - San Bernardino 3
BOTTOM OF THE 6TH
San Bernardino Grasshoppers batting - Pitching for Ottawa Nationals : RHP Chris Kuhn
Batting: RHB Tony Ayala 0-0: Ball
1-0: SINGLE (Line Drive, 34)
Batting: RHB Ángelo Díaz 0-0: Ball
1-0: Swinging Strike
1-1: Ball
2-1: Ball
3-1: Foul Ball, location: 2F
3-2: Foul Ball, location: 2F
3-2: DOUBLE (Flyball, 78XD)
Tony Ayala to third
Tony Ayala scores
Batting: RHB Ernesto Deleón 0-0: Bunt missed!
0-1: Ball
1-1: Ball
2-1: Bunted foul
2-2: Fly out, F3 (Popup, 3F)
Batting: LHB Arana Sashi 0-0: Intentional Walk
Batting: RHB Jouo Hirschovits 0-0: Called Strike
0-1: Swinging Strike
0-2: Fly out, F7 (Flyball, 7S)
Pitching: LHP Ken Clarke
Batting: RHB Jorge Durán 0-0: Ball
1-0: Ball
2-0: Called Strike
2-1: Fielders Choice at 2nd, 6-4 (Groundball, 6)
Bottom of the 6th over - 1 run, 2 hits, 0 errors, 2 left on base; Ottawa 0 - San Bernardino 4
TOP OF THE 7TH
Ottawa Nationals batting - Pitching for San Bernardino Grasshoppers : RHP Grover Lowdermilk
Batting: RHB Mike Jennings 0-0: Called Strike
0-1: Ground out 4-3 (Groundball, 4M)
Batting: RHB Vincente Fuentes 0-0: SINGLE (Line Drive, 9LS)
Batting: RHB Juan Román 0-0: Ball
1-0: Called Strike
1-1: Grounds into double play, 5-4-3 (Groundball, 5)
Top of the 7th over - 0 runs, 1 hit, 0 errors, 0 left on base; Ottawa 0 - San Bernardino 4
BOTTOM OF THE 7TH
San Bernardino Grasshoppers batting - Pitching for Ottawa Nationals : LHP Ken Clarke
Batting: RHB Noah Bushby 0-0: Called Strike
0-1: Fly out, F9 (Flyball, 9S)
Batting: RHB Eikki Kankaanperä 0-0: Ball
1-0: Ball
2-0: Swinging Strike
2-1: DOUBLE (Flyball, 78XD)
Batting: RHB Ronald Comejo 0-0: Intentional Walk
Batting: RHB Tony Ayala 0-0: Ball
1-0: Ball
2-0: Called Strike
2-1: Ball
3-1: Base on Balls
Eikki Kankaanperä to third
Ronald Comejo to second
Batting: RHB Ángelo Díaz 0-0: Ball
1-0: Called Strike
1-1: Swinging Strike
1-2: Ball
2-2: Foul Ball, location: 2F
2-2: Ball
3-2: GRAND SLAM HOME RUN (Flyball, 78XD), Distance : 429 ft
Batting: RHB Ernesto Deleón 0-0: Fly out, F4 (Popup, 4)
Batting: LHB Arana Sashi 0-0: Ball
1-0: Ball
2-0: Swinging Strike
2-1: Ball
3-1: Base on Balls
Batting: RHB Jouo Hirschovits 0-0: Ball
1-0: Called Strike
1-1: Called Strike
1-2: Ground out 5-3 (Groundball, 56S)
Bottom of the 7th over - 4 runs, 2 hits, 0 errors, 1 left on base; Ottawa 0 - San Bernardino 8
TOP OF THE 8TH
Ottawa Nationals batting - Pitching for San Bernardino Grasshoppers : RHP Grover Lowdermilk
Now in RF: Júlio González
Batting: RHB Miguel González 0-0: Ball
1-0: Fly out, F4 (Line Drive, 4)
Batting: RHB Alejandro Serrato 0-0: Called Strike
0-1: Swinging Strike
0-2: Strikes out swinging
Batting: LHB Jesús Mancía 0-0: Ground out 1-3 (Groundball, 13S)
Top of the 8th over - 0 runs, 0 hits, 0 errors, 0 left on base; Ottawa 0 - San Bernardino 8
BOTTOM OF THE 8TH
San Bernardino Grasshoppers batting - Pitching for Ottawa Nationals : LHP Ken Clarke
Batting: RHB Jorge Durán 0-0: Fly out, F9 (Line Drive, 9)
Batting: RHB Noah Bushby 0-0: Ball
1-0: Fly out, F7 (Flyball, 7S)
Batting: RHB Eikki Kankaanperä 0-0: Ball
1-0: Ball
2-0: SINGLE (Line Drive, 6MD)
Batting: RHB Ronald Comejo 0-0: Called Strike
0-1: Fly out, F3 (Popup, 34S)
Bottom of the 8th over - 0 runs, 1 hit, 0 errors, 1 left on base; Ottawa 0 - San Bernardino 8
TOP OF THE 9TH
Ottawa Nationals batting - Pitching for San Bernardino Grasshoppers : RHP Grover Lowdermilk
Batting: RHB Tomás Bermúdez 0-0: Ball
1-0: Ball
2-0: Called Strike
2-1: Swinging Strike
2-2: Foul Ball, location: 2F
2-2: Foul Ball, location: 2F
2-2: SINGLE (Groundball, 6) (infield hit)
Batting: RHB José García 0-0: Ball
1-0: Foul Ball, location: 2F
1-1: Grounds into double play, 4-6-3 (Groundball, 4)
Batting: LHB Alan Shaw 0-0: Called Strike
0-1: Foul Ball, location: 2F
0-2: Foul Ball, location: 2F
0-2: Ball
1-2: Ball
2-2: Foul Ball, location: 2F
2-2: Ball
3-2: Foul Ball, location: 2F
3-2: Base on Balls
Pinch Hitting: RHB Ernest Daniels 0-0: Called Strike
0-1: Ball
1-1: Fly out, F4 (Popup, 4)
Top of the 9th over - 0 runs, 1 hit, 0 errors, 1 left on base; Ottawa 0 - San Bernardino 8
Tuesday, June 12th, 2018 - OOTP Baseball 18.8 Build 76